 Dungeon Crawl Stone Soup version 0.19-a0-1019-g9c6a58d (webtiles) character file.

99 epen the Charmwright (level 4, 0/34 HPs)
             Began as a Merfolk Skald on July 25, 2016.
             Succumbed to an adder's poison
             ... on level 3 of the Dungeon.
             The game lasted 00:03:16 (2291 turns).

epen the Charmwright (Merfolk Skald)                Turns: 2291, Time: 00:03:17

Health: 0/34       AC:  5    Str: 18    XL:     4   Next: 72%
Magic:  8/8        EV: 12    Int: 11    God:
Gold:   151        SH:  0    Dex: 13    Spells: 3 memorised, 3 levels left

rFire  . . .     SeeInvis .     a - +0 spear
rCold  + . .     Gourm    +     b - +1 leather armour
rNeg   . . .     Faith    .     (no shield)
rPois  .         Spirit   .     l - +0 helmet
rElec  .         Dismiss  .     (no cloak)
rCorr  .         Reflect  .     (no gloves)
SustAt .         Harm     .     (no boots)
MR     .....                    m - amulet of the gourmand
Stlth  +.........               (no ring)
                                i - ring of protection from cold

@: mighty, lethally poisoned (0 -> -8), very slightly contaminated, hasted, very
quick, not resistant to hostile enchantments, very unstealthy
A: change form in water, swift swim
a: no special abilities


You were on level 3 of the Dungeon.
You were very full.

You visited 1 branch of the dungeon, and saw 3 of its levels.

You collected 151 gold pieces.

Inventory:

Hand Weapons
 a - a +0 spear (weapon)
Armour
 b - a +1 leather armour (worn)
 l - a +0 helmet (worn)
Jewellery
 i - a ring of protection from cold (left hand)
 m - an amulet of the gourmand (around neck)
Wands
 o - a wand of paralysis (17/24)
 q - a wand of lightning (11/15)
Scrolls
 e - a scroll of enchant armour
 g - a scroll of identify {unknown}
 h - 2 scrolls of remove curse {unknown}
 n - a scroll of random uselessness {unknown}
 r - a scroll of teleportation {unknown}
Books
 c - a book of Battle

   Spells                             Type                      Level
   a - Infusion                       Charms                       1
   b - Shroud of Golubria             Charms/Translocation         2
   c - Song of Slaying                Charms                       2
   d - Spectral Weapon                Hexes/Charms                 3
   e - Regeneration                   Charms/Necromancy            3
Comestibles
 d - 3 bread rations
 f - 2 fruits
 p - a meat ration


   Skills:
 + Level 2.7 Fighting
 + Level 3.7 Polearms
 + Level 0.9 Armour
 + Level 2.1 Dodging
 * Level 3.0 Spellcasting
 * Level 4.1 Charms


You had 3 spell levels left.
You knew the following spells:

 Your Spells              Type           Power        Failure   Level  Hunger
a - Infusion              Chrm           ##..         8%          1    #......
b - Song of Slaying       Chrm           ##......     12%         2    ###....
c - Spectral Weapon       Hex/Chrm       #.......     45%         3    ###....


Dungeon Overview and Level Annotations

Branches:
Dungeon (3/15)

Altars:


Message History

Welcome back, epen the Merfolk Skald.
Press ? for a list of commands and other information.
Are you sure you want to abandon this character and quit the game? (Confirm with "yes".)
Okay, then.
You hear the sound of rushing water.
There is an entrance to a sewer on this level.
Hurry and find it before the portal rusts away!
Welcome back, epen the Merfolk Skald.
Press ? for a list of commands and other information.
You hear the sound of rushing water.
There is an entrance to a sewer on this level.
Hurry and find it before the portal rusts away!
Welcome back, epen the Merfolk Skald.
Press ? for a list of commands and other information.
Unknown command.
* * * LOW HITPOINT WARNING * * *
You feel sick.
* * * LOW HITPOINT WARNING * * *
You feel sick.
* * * LOW HITPOINT WARNING * * *
You feel sick.
You die...

#.# ... #.# #.#
#.# #.# #.#
#.#######.#####
#.............#
#
#.###.###.#####
#.###.###.# #<#
#..@......# ###
###########


There were no monsters in sight!

Vanquished Creatures
  5 adders
  An ooze (D:1)
  4 dart slugs
  3 giant geckos
  2 bats (D:1)
  3 giant cockroaches
  4 goblins
  7 hobgoblins
  2 jackals (D:2)
  A giant newt (D:1)
  5 kobolds
  4 rats
41 creatures vanquished.

Notes
Turn   | Place    | Note
-------+----------+-------------------------------------------
     0 | D:1      | epen the Merfolk Skald began the quest for the Orb.
     0 | D:1      | Reached XP level 1. HP: 16/16 MP: 3/3
   511 | D:1      | Reached XP level 2. HP: 17/23 MP: 5/5
   592 | D:1      | Learned a level 2 spell: Song of Slaying
   758 | D:1      | Reached XP level 3. HP: 27/28 MP: 6/6
  1407 | D:2      | Learned a level 3 spell: Spectral Weapon
  1588 | D:2      | Reached XP level 4. HP: 31/34 MP: 3/8
  1695 | D:2      | Reached skill level 4 in Charms
  2289 | D:3      | HP: 1/34 [poisoned by an adder]
  2291 | D:3      | Succumbed to an adder's poison

Vault maps used:
D:1:      dpeg_arrival_orchard
D:2:      first_bread, minivault_5
D:3:      lemuel_doored_altar, lightli_sewer_entry_pipes,
          kennysheep_generic_room_8

Skill      XL: |  1  2  3  4 |
---------------+-------------+-----
Dodging        | 2 |  2.1
Charms         | 4 |  4.1
Spellcasting   | 3 |  3.0
Fighting       | |  2.7
Polearms       | |  3.7
Armour         | |  0.9

Action                   |  1- 3 |  4- 6 || total
-------------------------+-------+-------++-------
Melee: Spear             |   121 |    59 ||   180
 Cast: Infusion          |     2 |     2 ||     4
  Use: Potion            |       |     2 ||     2
       Scroll            |       |     1 ||     1
 Stab: Sleeping          |     2 |       ||     2
  Eat: Chunk             |    11 |     4 ||    15
Armor: Leather armour    |    22 |    12 ||    34
Dodge: Dodged            |    37 |    30 ||    67
